 Dungeon Crawl Stone Soup version 0.30.1-9-gdf580d7c3d (webtiles) character file.

Game seed: 15622240336910492168

105 eliilek the Cudgeller (level 4, -2/37 (41) HPs)
             Began as a Minotaur Berserker on Oct 6, 2023.
             Was a Believer of Trog.
             Slain by a hell rat (8 damage)
             ... in a sewer.
             The game lasted 00:08:16 (1834 turns).

eliilek the Cudgeller (Minotaur Berserker)          Turns: 1834, Time: 00:08:16

HP:   -2/37 (41)    AC: 11    Str: 23    XL:     4   Next: 54%
MP:   3/3           EV:  7    Int:  4    God:    Trog [**....]
Gold: 78            SH:  0    Dex: 10    Spells: 3/3 levels left

rFire   . . .        a - +0 mace
rCold   . . .        (no shield)
rNeg    . . .        c - +0 plate armour
rPois   .            (helmet restricted)
rElec   .            (no cloak)
rCorr   .            (no gloves)
SInv    .            (no boots)
Will    .....        (no amulet) Stlth
                     (no ring)
HPRegen 0.26/turn    (no ring)
MPRegen 0.08/turn

%: no passive effects
@: drained, very slow
A: horns 2, retaliatory headbutt
a: Renounce Religion, Berserk, Trog's Hand


You were in a sewer.
You worshipped Trog.
Trog was pleased with you.
You visited 1 branch of the dungeon, and saw 3 of its levels.
You also visited: Sewer.

You collected 78 gold pieces.

Inventory:

Hand Weapons
 a - a +0 mace (weapon)
Armour
 c - a +0 plate armour (worn)
Scrolls
 b - a scroll of fear {unknown}
 e - a scroll of brand weapon {unknown}
 g - a scroll of silence {unknown}
Potions
 d - a potion of haste {unknown}
 f - a potion of mutation {unknown}
 h - a potion of curing {unknown}
 i - a potion of brilliance {unknown}


   Skills:
 + Level 4.7 Fighting
 * Level 5.7 Maces & Flails
 - Level 2.4 Armour
 - Level 2.1 Dodging


You had 3 spell levels left.
You didn't know any spells.
Your spell library was empty.

Dungeon Overview and Level Annotations

Branches:
Dungeon (3/15)              Sewer (1/1)

Altars:

Shops:
D:1 (


Innate Abilities, Weirdness & Mutations

You have a pair of horns on your head.
You reflexively headbutt those who attack you in melee.


Message History

Trog accepts your kill. The rat barely misses you.
You barely miss the rat. Your headbutt misses the rat.
The rat splashes around in the water.
You sock the rat!
You kill the rat!
Trog accepts your kill.
No target in view!
No target in view!
You enter the shallow water.
Moving in this stuff is going to be slow.
You see here a rat corpse.
You open the door.
A hell rat comes into view.
The hell rat roars deafeningly!
Found four items.
Found a gate leading back out of this place.
A hell rat is nearby!
Found three items.
There is an open door here.
You hit the hell rat.
The hell rat is moderately wounded.
The hell rat bites you!
You feel drained.
You barely miss the hell rat. You headbutt the hell rat.
The hell rat is moderately wounded.
The hell rat bites you but does no damage.
You barely miss the hell rat.
The hell rat is moderately wounded.
The hell rat bites you!
You feel drained.
The hell rat twitches its whiskers.
The hell rat bites you!
* * * LOW HITPOINT WARNING * * *
You hit the hell rat but do no damage.
The hell rat is moderately wounded.
The hell rat splashes around in the water.
The hell rat attacks as you move away! The hell rat barely misses you.
You enter the shallow water.
Moving in this stuff is going to be slow.
The hell rat attacks as you move away! The hell rat bites you!
You die...

#.~~.~∩~~~~~###
..~~~#####.~.~.# #
~~.###?∩!###~.~##
#~~~##~??!?!~##.~.#
#.. #.~.~~~..~#~~~#
#.~~ ~~~~~~~##.~.#
#..~###~~~###..~##
#~~..~##'##...~~#
#~..@r~~~†.~###
###.~..~~.###
#########


You could see a hell rat.

Vanquished Creatures
  Terence (D:2)
  A gnoll (D:1)
  An adder (D:2)
  A river rat (D:3)
  2 worms
  5 ball pythons
  An endoplasm (D:2)
  3 giant cockroaches (D:1)
  3 goblins
  3 hobgoblins (D:1)
  3 jackals (D:2)
  2 quokkas (D:2)
  3 bats
  2 frilled lizards (D:1)
  6 kobolds
  14 rats
51 creatures vanquished.

Notes
Turn   | Place    | Note
-------+----------+-------------------------------------------
     0 | D:1      | eliilek the Minotaur Berserker began the quest for the Orb.
     0 | D:1      | Reached XP level 1. HP: 19/19 MP: 0/0
    53 | D:1      | Reached skill level 4 in Maces & Flails
    62 | D:1      | Reached XP level 2. HP: 19/27 MP: 1/1
   259 | D:1      | Found Niyv's Antique Weapon Emporium.
   497 | D:1      | You fall into a shaft and drop 1 floor!
   832 | D:1      | Reached XP level 3. HP: 33/33 MP: 2/2
  1276 | D:2      | Noticed Terence
  1283 | D:2      | Killed Terence
  1284 | D:2      | Reached skill level 5 in Maces & Flails
  1370 | D:2      | Reached XP level 4. HP: 40/41 MP: 3/3
  1396 | D:2      | Reached ** piety under Trog
  1778 | D:3      | Found a glowing drain.
  1786 | Sewer    | Entered a sewer
  1834 | Sewer    | Slain by a hell rat

Illustrated notes

Levels and vault maps discovered:
D:1:      nzn_arrival_crosshair, layout_basic, serial_shops,
          nicolae_shop_hallway_plus, st_stairs_4, columned_hall_lemuel
D:2:      layout_loops_cross, uniq_terence
D:3:      layout_basic, portal_sewer_entry_e, eino_curves_01, uniq_robin
Sewer:    sewer_hellmonk_bad_rat

Skill      XL: |  1  2  3 |
---------------+----------+-----
Maces & Flails | 4 5 |  5.7
Fighting       | 4 |  4.7
Armour         | |  2.4
Dodging        | |  2.1

Action                     |  1- 3 |  4- 6 || total
---------------------------+-------+-------++-------
  Melee: Mace              |    57 |    51 ||   108
         Headbutt          |     7 |     9 ||    16
 Invoke: Berserk           |     1 |       ||     1
 Armour: Animal skin       |     1 |       ||     1
         Plate armour      |    28 |    31 ||    59
  Dodge: Dodged            |    20 |    26 ||    46
